Map: Whirlwind LE (Void)

Players

Magneto - Winner!

  • Race: Terran Terran
  • League: Gold
  • Spawn Location: 1:00

Fropez

  • Race: Protoss Protoss
  • League: Gold
  • Spawn Location: 5:00

VOD

Have the link to the VOD?

Description

Time

  • Played on: Dec. 8, 2016, 1:52 p.m.
  • Length: 11:39
Show
View Real Time Build Order
Export as new Build Order

Magneto Terran - Winner!

Build Orders: MMM Bio 

Get SALT Encoding   

  12  0:01  SCV  
  13  0:15  SCV  
  13  0:20  Supply Depot  
  14  0:30  SCV  
  15  0:42  SCV  
  16  0:43  Barracks  
  16  0:54  SCV  
  17  1:06  SCV  
  18  1:16  Command Center  
  18  1:18  SCV  
  19  1:30  Orbital Command  
  19  1:32  Marine  
  20  1:45  Barracks  
  20  1:55  Refinery  
  20  1:56  SCV  
  21  2:02  Marine  
  21  2:08  SCV  
  23  2:17  Barracks  
  23  2:27  Marine  
  23  2:28  SCV  
  25  2:30  Barracks  
  25  2:32  Barracks  
  25  2:36  Orbital Command  
  25  2:40  SCV  
  26  2:47  Marine  
  26  2:48  Marine  
  28  2:52  SCV  
  29  3:04  SCV  
  29  3:05  Marine  
  30  3:06  Marine  
  30  3:07  Barracks Tech Lab  
  30  3:10  SCV  
  32  3:19  Marine x2  
  34  3:23  Marine, SCV  
  34  3:24  Marine, SCV  
  38  3:30  Stimpack  
  38  3:38  Supply Depot  
  38  3:50  Command Center  
  38  3:53  Supply Depot  
  38  3:57  Refinery  
  38  3:59  Marine, SCV x2  
  41  4:03  Marine x4  
  41  4:05  Supply Depot  
  45  4:11  SCV  
  45  4:12  Supply Depot  
  45  4:15  SCV  
  45  4:16  Factory  
  47  4:21  Marine x2  
  47  4:22  Marine  
  47  4:24  SCV  
  44  4:32  Marine x2  
  44  4:33  SCV  
  47  4:40  Engineering Bay  
  47  4:43  Marine x2  
  49  4:49  SCV  
  49  4:50  SCV  
  51  5:01  SCV  
  51  5:02  SCV, Refinery  
  53  5:07  Missile Turret  
  53  5:12  Marine, SCV  
  53  5:13  Marine  
  56  5:16  SCV  
  56  5:20  Missile Turret  
  55  5:31  Marine x2  
  55  5:33  SCV x2  
  59  5:36  Orbital Command  
  59  5:45  SCV  
  59  5:49  Marine, SCV  
  62  5:51  Factory Reactor  
  62  5:57  SCV  
  62  6:01  SCV  
  62  6:02  Terran Infantry Weapons Level 1  
  64  6:07  Engineering Bay  
  64  6:09  SCV  
  58  6:13  SCV  
  58  6:15  Marine x3  
  49  6:19  SCV  
  49  6:20  Marine x2  
  49  6:21  SCV  
  51  6:33  Marine x3, SCV  
  51  6:35  Starport  
  51  6:37  Combat Shields  
  51  6:38  Marine x2  
  51  6:39  Terran Infantry Armor Level 1  
  57  6:43  Factory Tech Lab  
  57  6:50  Marine  
  57  6:51  Marine x2, Orbital Command, SCV  
  61  6:55  Marine x2  
  61  6:58  SCV  
  64  7:03  SCV  
  64  7:04  Supply Depot  
  65  7:08  Marine x2  
  65  7:09  Supply Depot  
  65  7:10  SCV  
  65  7:15  Marine x3  
  69  7:26  Marine x2  
  69  7:27  SCV x2  
  73  7:31  SCV  
  73  7:33  Marine x3  
  73  7:37  Supply Depot, Armory  
  77  7:39  SCV  
  77  7:43  Refinery  
  78  7:44  Marine x2  
  78  7:51  Marine x3  
  81  7:52  SCV  
  84  7:58  Missile Turret  
  84  8:00  Missile Turret  
  84  8:02  Marine x2  
  86  8:06  SCV x3  
  86  8:08  Marine  
  86  8:09  Marine x2  
  92  8:19  SCV, Barracks  
  91  8:20  Marine x2  
  91  8:24  SCV  
  91  8:25  Refinery  
  91  8:26  Marine  
  95  8:27  Marine x2  
  97  8:35  SCV  
  97  8:37  Marine x2  
  100  8:44  Marine x3, Terran Infantry Armor Level 2, Terran Infantry Weapons Level 2  
  103  8:54  Widow Mine  
  103  8:55  Marine x2  
  105  8:59  SCV  
  105  9:00  SCV  
  105  9:01  Ghost Academy  
  105  9:02  Marine x3  
  89  9:13  Marine x2  
  91  9:20  Marine x2  
  91  9:21  Marauder  
  91  9:22  SCV  
  85  9:31  Marine x2  
  68  9:42  Marauder  
  67  9:51  SCV  
  58  10:03  Marauder  
  58  10:05  Orbital Command  
  60  10:31  SCV  
  61  10:53  Orbital Command  
Show
View Real Time Build Order
Export as new Build Order

Fropez Protoss 

Build Orders: Oracle Opening 

Get SALT Encoding   

  12  0:02  Probe (Chrono Boost)  
  13  0:13  Probe (Chrono Boost)  
  14  0:18  Pylon  
  14  0:42  Gateway  
  14  0:44  Probe (Chrono Boost)  
  14  0:46  Assimilator  
  15  0:54  Probe (Chrono Boost)  
  16  1:04  Assimilator  
  16  1:05  Probe (Chrono Boost)  
  17  1:15  Probe (Chrono Boost)  
  18  1:26  Probe (Chrono Boost)  
  18  1:30  Cybernetics Core  
  19  1:36  Probe (Chrono Boost)  
  19  1:38  Pylon  
  21  1:47  Probe (Chrono Boost)  
  21  1:56  Pylon  
  21  1:57  Probe (Chrono Boost)  
  23  2:12  Mothership Core (Chrono Boost)  
  24  2:20  Stargate  
  25  2:30  Probe (Chrono Boost)  
  25  2:43  Probe (Chrono Boost)  
  26  2:46  Warp Gate (Chrono Boost)  
  26  2:57  Nexus  
  26  3:00  Pylon  
  26  3:04  Probe  
  26  3:05  Pylon  
  27  3:11  Oracle (Chrono Boost)  
  29  3:23  Probe  
  30  3:35  Probe  
  31  3:43  Gateway  
  31  3:45  Gateway  
  31  3:47  Probe  
  32  3:52  Pylon  
  32  3:56  Pylon  
  32  3:59  Probe  
  33  4:03  Adept  
  35  4:10  Oracle  
  38  4:47  Forge  
  38  4:49  Gateway  
  38  4:53  Adept x2  
  38  4:54  Adept  
  38  4:56  Pylon  
  44  5:08  Probe  
  44  5:09  Gateway  
  44  5:12  Assimilator  
  44  5:14  Probe  
  46  5:45  Adept x3, Probe  
  46  5:46  Probe  
  51  5:52  Pylon  
  51  5:53  Assimilator  
  51  5:55  Probe  
  51  5:56  Pylon  
  51  5:57  Protoss Ground Weapons Level 1 (Chrono Boost)  
  52  6:06  Twilight Council  
  46  6:16  Probe  
  46  6:17  Probe  
  48  6:23  Adept x4  
  56  6:33  Stalker  
  58  6:43  Resonating Glaives (Chrono Boost)  
  58  6:49  Mothership Core  
  60  7:09  Pylon  
  60  7:21  Adept x3  
  60  7:22  Adept x2  
  70  7:32  Probe  
  70  7:34  Probe  
  72  7:43  Gateway  
  72  7:44  Stalker x2  
  72  7:45  Stalker x3  
  72  7:46  Probe  
  83  7:56  Protoss Ground Weapons Level 2 (Chrono Boost)  
  80  8:29  Stalker x4  
  80  8:30  Stalker  
  90  8:35  Probe x2  
  90  8:36  Blink (Chrono Boost)  
  77  9:38  Stalker x5  
  56  10:15  Void Ray (Chrono Boost)  
  56  10:18  Probe  
  56  10:19  Probe  
  50  10:32  Probe (Chrono Boost)  
  50  10:33  Mothership Core (Chrono Boost)  
  53  10:44  Pylon  
  53  10:47  Pylon  
  53  10:48  Pylon  
  53  10:50  Pylon  
  53  10:53  Pylon  
  53  10:54  Pylon x4  
  53  11:05  Photon Cannon  
  53  11:06  Photon Cannon  
  53  11:07  Stalker x2  
  53  11:08  Photon Cannon  
  57  11:17  Stalker  
Tags
 
Composition
MMM Bio
League
GoldGold
Matchup
PvT
Replay Pack
All Mines
Spawn Locations
Close Positions
Add a new tag
Caveats
  • Supply blocks, unpowered buildings, or Contaminate may cause inaccurate times.
  • Supply counts are checked every 10 seconds.